Map: Tourmaline LE

Players

Smaske

  • Race: Zerg Zerg
  • League: Diamond
  • Spawn Location: 7:00

HoldTheDoor - Winner!

  • Race: Protoss Protoss
  • League: Diamond
  • Spawn Location: 1:00

VOD

Have the link to the VOD?

Description

Time

  • Played on: May 26, 2026, 11:48 a.m.
  • Length: 6:33
Show
View Real Time Build Order
Export as new Build Order

Smaske Zerg 

Build Orders: Hatch First 

Get SALT Encoding   

  12  0:02  Drone  
  13  0:08  Drone  
  14  0:15  Extractor  
  14  0:16  Drone  
  15  0:22  Overlord  
  15  0:41  Drone x2  
  17  0:50  Hatchery  
  17  0:55  Drone  
  17  0:57  Drone  
  18  1:13  Extractor  
  18  1:14  Spawning Pool  
  16  1:23  Drone x2  
  18  1:29  Drone  
  19  1:40  Overlord  
  19  2:02  Queen x2  
  19  2:03  Zergling x4  
  19  2:06  Drone  
  26  2:13  Drone  
  26  2:14  Drone  
  28  2:18  Metabolic Boost  
  28  2:24  Drone x2  
  30  2:37  Drone x2  
  30  2:43  Hatchery  
  31  3:00  Drone x4  
  31  3:04  Overlord  
  35  3:07  Overlord  
  35  3:25  Queen x2, Drone  
  35  3:26  Drone  
  41  3:27  Drone  
  41  3:28  Drone x2  
  41  3:29  Overlord  
  44  3:40  Overlord  
  44  3:49  Drone x6  
  44  3:50  Drone  
  44  3:54  Drone  
  52  3:57  Queen  
  52  4:00  Drone x2  
  56  4:07  Drone  
  57  4:20  Zergling x4  
  57  4:21  Zergling x6  
  60  4:26  Spore Crawler  
  59  4:31  Extractor  
  59  4:33  Roach Warren  
  59  4:34  Drone x3  
  59  4:35  Drone x3  
  59  4:37  Spore Crawler  
  62  4:40  Evolution Chamber  
  61  4:51  Zergling x10  
  66  5:05  Overlord x3  
  56  5:27  Roach  
  56  5:28  Overlord  
  56  5:34  Roach x3  
  56  5:35  Overlord x2  
  56  5:39  Roach x4  
  56  5:40  Roach  
  56  5:41  Roach  
  57  5:46  Roach  
Show
View Real Time Build Order
Export as new Build Order

HoldTheDoor Protoss - Winner!

Build Orders: 1 Gate Expand 

Get SALT Encoding   

  12  0:00  Probe  
  13  0:12  Probe  
  14  0:19  Pylon  
  14  0:24  Probe  
  15  0:33  Probe  
  15  0:41  Probe, Gateway  
  16  0:48  Assimilator  
  17  0:58  Probe  
  18  1:10  Probe  
  19  1:29  Nexus  
  19  1:36  Cybernetics Core  
  19  1:39  Probe  
  20  1:47  Pylon  
  20  1:51  Probe  
  21  2:00  Stalker  
  21  2:03  Probe  
  22  2:14  Warp Gate  
  24  2:15  Probe  
  25  2:26  Stalker  
  25  2:27  Probe  
  25  2:28  Gateway  
  28  2:40  Probe  
  29  2:47  Robotics Facility  
  29  2:49  Probe  
  30  2:52  Probe  
  31  3:01  Probe  
  32  3:11  Probe  
  33  3:17  Gateway  
  33  3:18  Gateway, Probe  
  34  3:23  Probe  
  35  3:28  Warp Prism  
  35  3:30  Probe  
  38  3:45  Gateway  
  38  3:48  Gateway  
  38  3:50  Gateway  
  38  3:52  Gateway  
  39  4:02  Stalker x2  
  42  4:12  Pylon  
  42  4:13  Pylon  
  42  4:35  Stalker x3  
  48  4:38  Zealot  
  50  4:48  Pylon  
  50  4:51  Pylon  
  50  5:00  Stalker  
  50  5:01  Stalker, Zealot  
  50  5:02  Zealot x3  
  62  5:15  Zealot x2  
  60  5:23  Stalker  
  60  5:24  Zealot x2  
  60  5:25  Zealot x2  
  66  5:35  Stalker  
  66  5:37  Zealot x2  
  72  5:58  Zealot x3  
  78  6:00  Pylon  
  78  6:03  Pylon  
Tags
 
Add a new tag
Caveats
  • Supply blocks, unpowered buildings, or Contaminate may cause inaccurate times.
  • Supply counts are checked every 10 seconds.